TOP OF THE 1ST |
Hialeah Dodos batting - Pitching for Warwick Hunchbacks : RHP David Collingwood
|
Pitching: RHP David Collingwood
|
|
Batting: RHB Herman Cook
|
0-0: Fly out, F7 (Flyball, 8LM)
|
Batting: RHB Reece White
|
0-0: Ball 1-0: Ball 2-0: Ball 3-0: Base on Balls
|
Batting: LHB Bill Griffin
|
0-0: Foul Ball, location: 2F 0-1: Ball 1-1: Swinging Strike 1-2: Foul Ball, location: 2F 1-2: Strikes out looking
|
Batting: RHB Joe Andrews
|
0-0: Ball 1-0: Fly out, F8 (Flyball, 8LD)
|
Top of the 1st over - 0 run(s), 0 hit(s), 0 error(s), 1 left on base; Hialeah 0 - Warwick 0 |
BOTTOM OF THE 1ST |
Warwick Hunchbacks batting - Pitching for Hialeah Dodos : RHP Thad Floyd
|
Pitching: RHP Thad Floyd
|
|
Batting: LHB Luis Robles
|
0-0: Ball 1-0: Called Strike 1-1: Ball 2-1: Called Strike 2-2: Ground out 4-3 (Groundball, 4)
|
Batting: RHB José Reyes
|
0-0: Fly out, F8 (Flyball, 8LM)
|
Batting: SHB Gregg Wagner
|
0-0: Called Strike 0-1: Ball 1-1: SOLO HOME RUN (Flyball, 9D), Distance : 368 ft
|
Batting: RHB Steve Brewer
|
0-0: Ball 1-0: Called Strike 1-1: Ball 2-1: Foul Ball, location: 2F 2-2: Foul Ball, location: 2F 2-2: Fly out, F9 (Line Drive, 9M)
|
Bottom of the 1st over - 1 run(s), 1 hit(s), 0 error(s), 0 left on base; Hialeah 0 - Warwick 1 |
TOP OF THE 2ND |
Hialeah Dodos batting - Pitching for Warwick Hunchbacks : RHP David Collingwood
|
Batting: RHB Kelly Flint
|
0-0: Called Strike 0-1: Fly out, F4 (Line Drive, 4)
|
Batting: RHB Mitch Jensen
|
0-0: Called Strike 0-1: Called Strike 0-2: Foul Ball, location: 2F 0-2: Foul Ball, location: 2F 0-2: Ball 1-2: Fly out, F6 (Line Drive, 6)
|
Batting: RHB Ji-chol Yang
|
0-0: Ball 1-0: Called Strike 1-1: Ball 2-1: Ground out 5-3 (Groundball, 56)
|
Top of the 2nd over - 0 run(s), 0 hit(s), 0 error(s), 0 left on base; Hialeah 0 - Warwick 1 |
BOTTOM OF THE 2ND |
Warwick Hunchbacks batting - Pitching for Hialeah Dodos : RHP Thad Floyd
|
Batting: RHB Jim Browning
|
0-0: Ball 1-0: Fly out, F8 (Flyball, 8RM)
|
Batting: LHB Ted Cracknell
|
0-0: Ball 1-0: Foul Ball, location: 2F 1-1: Ball 2-1: SINGLE (Groundball, 56D)
|
Batting: RHB Octávio Castaneda
|
0-0: Fly out, F3 (Popup, 3SF)
|
Batting: RHB Julián Rocha
|
0-0: Ball 1-0: Called Strike 1-1: Foul Ball, location: 2F 1-2: Strikes out looking
|
Bottom of the 2nd over - 0 run(s), 1 hit(s), 0 error(s), 1 left on base; Hialeah 0 - Warwick 1 |
TOP OF THE 3RD |
Hialeah Dodos batting - Pitching for Warwick Hunchbacks : RHP David Collingwood
|
Batting: RHB Brian King
|
0-0: Ball 1-0: Ball 2-0: Ball 3-0: Called Strike 3-1: Called Strike 3-2: Strikes out looking
|
Batting: RHB Luis Trujillo
|
0-0: Foul Ball, location: 2F 0-1: Foul Ball, location: 2F 0-2: Ball 1-2: Strikes out swinging
|
Batting: RHB Herman Cook
|
0-0: Ball 1-0: SINGLE (Line Drive, 9S)
|
Batting: RHB Reece White
|
0-0: Called Strike 0-1: Ball 1-1: Swinging Strike 1-2: Strikes out looking
|
Top of the 3rd over - 0 run(s), 1 hit(s), 0 error(s), 1 left on base; Hialeah 0 - Warwick 1 |
BOTTOM OF THE 3RD |
Warwick Hunchbacks batting - Pitching for Hialeah Dodos : RHP Thad Floyd
|
Batting: LHB Javier Pérez
|
0-0: Called Strike 0-1: Ball 1-1: Bunted foul 1-2: Strikes out swinging
|
Batting: LHB Luis Robles
|
0-0: Swinging Strike 0-1: Called Strike 0-2: Ball 1-2: Strikes out swinging
|
Batting: RHB José Reyes
|
0-0: Ball 1-0: Swinging Strike 1-1: SINGLE (Groundball, 56D)
|
Batting: SHB Gregg Wagner
|
0-0: Foul Ball, location: 2F 0-1: 2-RUN HOME RUN (Flyball, 9D), Distance : 365 ft
|
Batting: RHB Steve Brewer
|
0-0: Ball 1-0: Called Strike 1-1: Ground out U3 (Groundball, 3)
|
Bottom of the 3rd over - 2 run(s), 2 hit(s), 0 error(s), 0 left on base; Hialeah 0 - Warwick 3 |
TOP OF THE 4TH |
Hialeah Dodos batting - Pitching for Warwick Hunchbacks : RHP David Collingwood
|
Batting: LHB Bill Griffin
|
0-0: Fly out, F8 (Flyball, 8LD)
|
Batting: RHB Joe Andrews
|
0-0: Ball 1-0: Ball 2-0: Called Strike 2-1: Foul Ball, location: 2F 2-2: Ball 3-2: SINGLE (Flyball, 9S)
|
Batting: RHB Kelly Flint
|
0-0: Ball 1-0: Called Strike 1-1: Swinging Strike 1-2: Ball 2-2: Fly out, F9 (Line Drive, 9M)
|
Batting: RHB Mitch Jensen
|
0-0: Ball 1-0: Ball 2-0: Ball 3-0: Called Strike 3-1: Swinging Strike 3-2: Base on Balls Joe Andrews to second
|
Batting: RHB Ji-chol Yang
|
0-0: Called Strike 0-1: Ball 1-1: Called Strike 1-2: Ball 2-2: Foul Ball, location: 2F 2-2: Fielders Choice at 2nd, 5-4 (Groundball, 5)
|
Top of the 4th over - 0 run(s), 1 hit(s), 0 error(s), 1 left on base; Hialeah 0 - Warwick 3 |
BOTTOM OF THE 4TH |
Warwick Hunchbacks batting - Pitching for Hialeah Dodos : RHP Thad Floyd
|
Batting: RHB Jim Browning
|
0-0: Fly out, F7 (Flyball, 7D)
|
Batting: LHB Ted Cracknell
|
0-0: Called Strike 0-1: Ball 1-1: Called Strike 1-2: Ball 2-2: Ball 3-2: Base on Balls
|
Batting: RHB Octávio Castaneda
|
0-0: Ball 1-0: Ball 2-0: Called Strike 2-1: Ball 3-1: Fielders Choice at 2nd, 5-4 (Groundball, 5)
|
Batting: RHB Julián Rocha
|
0-0: Swinging Strike 0-1: Called Strike 0-2: Fielders Choice at 2nd, U6 (Groundball, 6M)
|
Bottom of the 4th over - 0 run(s), 0 hit(s), 0 error(s), 1 left on base; Hialeah 0 - Warwick 3 |
TOP OF THE 5TH |
Hialeah Dodos batting - Pitching for Warwick Hunchbacks : RHP David Collingwood
|
Batting: RHB Brian King
|
0-0: Ball 1-0: Called Strike 1-1: Ball 2-1: Ball 3-1: Base on Balls
|
Batting: RHB Luis Trujillo
|
0-0: Ball 1-0: Ball 2-0: Fly out, F9 (Flyball, 9S)
|
Batting: RHB Herman Cook
|
0-0: Ball 1-0: Ball 2-0: Foul Ball, location: 2F 2-1: Foul Ball, location: 2F 2-2: Foul Ball, location: 2F 2-2: Fielders Choice at 2nd, 1-6 (Groundball, 15S)
|
Batting: RHB Reece White
|
0-0: Called Strike 0-1: Called Strike 0-2: Ball Herman Cook steals 2nd base 1-2: Foul Ball, location: 2F 1-2: Ball 2-2: Ball 3-2: 2-RUN HOME RUN (Flyball, 78XD), Distance : 419 ft
|
Batting: LHB Bill Griffin
|
0-0: Ball 1-0: Ball 2-0: Called Strike 2-1: Swinging Strike 2-2: Ball 3-2: SINGLE (Groundball, 4MD)
|
Batting: RHB Joe Andrews
|
0-0: Ball 1-0: Ball 2-0: Ball 3-0: Base on Balls Bill Griffin to second
|
Batting: RHB Kelly Flint
|
0-0: Ball 1-0: Ball 2-0: Called Strike 2-1: Ball 3-1: Base on Balls Bill Griffin to third Joe Andrews to second
|
Batting: RHB Mitch Jensen
|
0-0: Ball 1-0: Foul Ball, location: 2F 1-1: Ball 2-1: Called Strike 2-2: Foul Ball, location: 2F 2-2: Ball 3-2: Strikes out swinging
|
Top of the 5th over - 2 run(s), 2 hit(s), 0 error(s), 3 left on base; Hialeah 2 - Warwick 3 |
BOTTOM OF THE 5TH |
Warwick Hunchbacks batting - Pitching for Hialeah Dodos : RHP Thad Floyd
|
Batting: LHB Javier Pérez
|
0-0: SINGLE (Flyball, 4MD)
|
Batting: LHB Luis Robles
|
0-0: Ball 1-0: Ball 2-0: Ball 3-0: Called Strike 3-1: Foul Ball, location: 2F 3-2: Base on Balls Javier Pérez to second
|
Batting: RHB José Reyes
|
0-0: SINGLE (Groundball, 5L) Javier Pérez to third Luis Robles to second
|
Batting: SHB Gregg Wagner
|
0-0: Called Strike 0-1: Ball 1-1: Fly out, F8 (Popup, 8RS)
|
Batting: RHB Steve Brewer
|
0-0: Ball 1-0: GRAND SLAM HOME RUN (Flyball, 8RXD), Distance : 440 ft
|
Pitching: RHP Claudio Cruz
|
|
Batting: RHB Jim Browning
|
0-0: Called Strike 0-1: Ball 1-1: Ball 2-1: Foul Ball, location: 2F 2-2: Fly out, F9 (Flyball, 89M)
|
Batting: LHB Ted Cracknell
|
0-0: Ball 1-0: Called Strike 1-1: Ground out 3-1 (Groundball, 34)
|
Bottom of the 5th over - 4 run(s), 3 hit(s), 0 error(s), 0 left on base; Hialeah 2 - Warwick 7 |
TOP OF THE 6TH |
Hialeah Dodos batting - Pitching for Warwick Hunchbacks : RHP David Collingwood
|
Batting: RHB Ji-chol Yang
|
0-0: Foul Ball, location: 2F 0-1: Swinging Strike 0-2: Fly out, F9 (Flyball, 9D)
|
Batting: RHB Brian King
|
0-0: Ball 1-0: Ball 2-0: Foul Ball, location: 2F 2-1: Fly out, F8 (Flyball, 8LM)
|
Batting: RHB Luis Trujillo
|
0-0: Swinging Strike 0-1: Swinging Strike 0-2: Strikes out swinging
|
Top of the 6th over - 0 run(s), 0 hit(s), 0 error(s), 0 left on base; Hialeah 2 - Warwick 7 |
BOTTOM OF THE 6TH |
Warwick Hunchbacks batting - Pitching for Hialeah Dodos : RHP Claudio Cruz
|
Batting: RHB Octávio Castaneda
|
0-0: Ball 1-0: Foul Ball, location: 2F 1-1: Swinging Strike 1-2: Ball 2-2: Ball 3-2: Strikes out looking
|
Batting: RHB Julián Rocha
|
0-0: SINGLE (Line Drive, 4MD)
|
Batting: LHB Javier Pérez
|
0-0: Called Strike 0-1: Ball 1-1: Reached on Error, E9 (Flyball, 89M) Julián Rocha to second
|
Batting: LHB Luis Robles
|
0-0: Ball 1-0: Ball 2-0: Swinging Strike 2-1: Foul Ball, location: 2F 2-2: Foul Ball, location: 2F 2-2: Fly out, F4 (Popup, 4D)
|
Batting: RHB José Reyes
|
0-0: Foul Ball, location: 2F 0-1: Called Strike 0-2: Strikes out swinging
|
Bottom of the 6th over - 0 run(s), 1 hit(s), 1 error(s), 2 left on base; Hialeah 2 - Warwick 7 |
TOP OF THE 7TH |
Hialeah Dodos batting - Pitching for Warwick Hunchbacks : RHP David Collingwood
|
Now at C: Edwin McClung
|
|
Batting: RHB Herman Cook
|
0-0: Called Strike 0-1: Ball 1-1: Ball 2-1: Foul Ball, location: 2F 2-2: Ball 3-2: Base on Balls
|
Pitching: RHP Woody Pratt
|
|
Batting: RHB Reece White
|
0-0: Called Strike 0-1: Ball 1-1: Fielders Choice at 2nd, 6-4 (Groundball, 6M)
|
Batting: LHB Bill Griffin
|
0-0: Called Strike 0-1: Ball 1-1: DOUBLE (Line Drive, 8RXD) Reece White to third
|
Batting: RHB Joe Andrews
|
0-0: Fly out, F4 (Popup, 4D)
|
Batting: RHB Kelly Flint
|
0-0: Ball 1-0: Ball 2-0: Called Strike 2-1: Foul Ball, location: 2F 2-2: Foul Ball, location: 2F 2-2: Ground out 1-3 (Groundball, 15)
|
Top of the 7th over - 0 run(s), 1 hit(s), 0 error(s), 2 left on base; Hialeah 2 - Warwick 7 |
BOTTOM OF THE 7TH |
Warwick Hunchbacks batting - Pitching for Hialeah Dodos : RHP Claudio Cruz
|
Batting: SHB Gregg Wagner
|
0-0: Called Strike 0-1: Ball 1-1: Swinging Strike 1-2: Ball 2-2: Ball 3-2: Base on Balls
|
Pitching: RHP Mike Lane
|
|
Batting: RHB Steve Brewer
|
0-0: Ball Gregg Wagner is caught stealing 2nd base 1-0: Swinging Strike 1-1: Ball 2-1: Called Strike 2-2: Strikes out swinging
|
Batting: RHB Jim Browning
|
0-0: Ball 1-0: Ball 2-0: Foul Ball, location: 2F 2-1: Ball 3-1: Ground out 5-3 (Groundball, 56S)
|
Bottom of the 7th over - 0 run(s), 0 hit(s), 0 error(s), 0 left on base; Hialeah 2 - Warwick 7 |
TOP OF THE 8TH |
Hialeah Dodos batting - Pitching for Warwick Hunchbacks : RHP Woody Pratt
|
Batting: RHB Mitch Jensen
|
0-0: Ball 1-0: Swinging Strike 1-1: Swinging Strike 1-2: Ball 2-2: Ball 3-2: Strikes out swinging
|
Batting: RHB Ji-chol Yang
|
0-0: Ball 1-0: Ball 2-0: Called Strike 2-1: Swinging Strike 2-2: Strikes out looking
|
Batting: RHB Brian King
|
0-0: Ball 1-0: Called Strike 1-1: Called Strike 1-2: Foul Ball, location: 2F 1-2: Strikes out looking
|
Top of the 8th over - 0 run(s), 0 hit(s), 0 error(s), 0 left on base; Hialeah 2 - Warwick 7 |
BOTTOM OF THE 8TH |
Warwick Hunchbacks batting - Pitching for Hialeah Dodos : RHP Mike Lane
|
Batting: LHB Ted Cracknell
|
0-0: Ball 1-0: Swinging Strike 1-1: Foul Ball, location: 2F 1-2: Ball 2-2: Ball 3-2: Strikes out swinging
|
Batting: RHB Octávio Castaneda
|
0-0: SINGLE (Line Drive, 9S)
|
Batting: RHB Julián Rocha
|
0-0: Ball 1-0: Ball 2-0: Ball 3-0: Called Strike 3-1: Base on Balls Octávio Castaneda to second
|
Batting: LHB Javier Pérez
|
0-0: Ball 1-0: Swinging Strike 1-1: Ball 2-1: Ball 3-1: Swinging Strike 3-2: Strikes out swinging
|
Batting: LHB Luis Robles
|
0-0: Called Strike 0-1: Foul Ball, location: 2F 0-2: Ball 1-2: Foul Ball, location: 2F 1-2: Strikes out swinging
|
Bottom of the 8th over - 0 run(s), 1 hit(s), 0 error(s), 2 left on base; Hialeah 2 - Warwick 7 |
TOP OF THE 9TH |
Hialeah Dodos batting - Pitching for Warwick Hunchbacks : RHP Woody Pratt
|
Batting: RHB Luis Trujillo
|
0-0: Ball 1-0: Swinging Strike 1-1: Ball 2-1: Called Strike 2-2: Ground out 6-3 (Groundball, 6)
|
Batting: RHB Herman Cook
|
0-0: Ball 1-0: Foul Ball, location: 2F 1-1: Ground out 6-3 (Groundball, 6M)
|
Batting: RHB Reece White
|
0-0: Swinging Strike 0-1: Ball 1-1: Ball 2-1: SINGLE (Line Drive, 9S)
|
Batting: LHB Bill Griffin
|
Pickoff Throw to First - Error! E1 Reece White to second 0-0: Ball 1-0: Ball 2-0: Called Strike 2-1: Ball 3-1: Base on Balls
|
Batting: RHB Joe Andrews
|
0-0: Ball 1-0: Called Strike 1-1: Foul Ball, location: 2F 1-2: Ball 2-2: Ball 3-2: Base on Balls Reece White to third Bill Griffin to second
|
Pitching: RHP Joshua Barnes
|
|
Batting: RHB Kelly Flint
|
0-0: Foul Ball, location: 2F 0-1: Ball 1-1: Fly out, F6 (Line Drive, 6)
|
Top of the 9th over - 0 run(s), 1 hit(s), 1 error(s), 3 left on base; Hialeah 2 - Warwick 7 |
|